 Dungeon Crawl Stone Soup version 0.17.0-24-gcfadda4 (webtiles) character file.

8106 M4edhros the Unseen (level 11, -1/63 HPs)
             Began as an Octopode Artificer on Nov 16, 2015.
             Was a Priest of Okawaru.
             Killed from afar by a deep elf mage (20 damage)
             ... with a bolt of poison
             ... on level 9 of the Dungeon.
             The game lasted 00:22:22 (9292 turns).

M4edhros the Unseen (Octopode Artificer)            Turns: 9292, Time: 00:22:22

Health: -1/63      AC:  7    Str: 10    XL:     11   Next: 25%
Magic:  12/18      EV: 18    Int: 14    God:    Okawaru [***...]
Gold:   663        SH:  0    Dex: 20    Spells: 0 memorised, 10 levels left

rFire  . . .     SeeInvis .     o - +2 short sword (holy)
rCold  . . .     Clarity  .     (no shield)
rNeg   . . .     SustAt   .     (helmet restricted)
rPois  .         Gourm    +     x - amulet of the gourmand
rElec  .         Spirit   .     g - +4 ring of protection
rCorr  .         Warding  .     h - ring of flight
rMut   .         Stasis   .     d - +3 ring of dexterity
MR     .....                    (no ring)
Stlth  ++++++++..               (no ring)
                                (no ring)
                                (no ring)
                                (no ring)

@: lethally poisoned (-1 -> -10), not resistant to hostile enchantments,
extraordinarily stealthy
A: almost no armour, amphibious, 8 rings, constrict 8, thin metallic scales 1,
camouflage 1, gelatinous body 1, MP-powered wands
a: Heroism, Renounce Religion, Evoke Flight


You were on level 9 of the Dungeon.
You worshipped Okawaru.
Okawaru was most pleased with you.
You were not hungry.

You visited 2 branches of the dungeon, and saw 10 of its levels.

You collected 663 gold pieces.

Inventory:

Hand Weapons
 o - a +2 short sword of holy wrath (weapon)
 t - a +0 hunting sling
 v - a +4 dagger
Missiles
 f - 327 stones (quivered)
 k - 135 sling bullets
 n - 5 curare-tipped needles
Jewellery
 d - a +3 ring of dexterity (on tentacle)
 g - a +4 ring of protection (left tentacle)
 h - a ring of flight (right tentacle)
 x - an amulet of the gourmand (around mantle)
 I - an uncursed amulet of resist mutation
Wands
 b - a wand of flame (0)
 c - a wand of enslavement (2)
 i - a wand of fireball (10)
 l - a wand of enslavement (17)
 s - a wand of enslavement (7)
 w - a wand of paralysis (4)
 z - a wand of flame (9)
 C - a wand of confusion (0)
 K - a wand of fire (3)
 L - a wand of lightning (7)
Scrolls
 r - 2 scrolls of remove curse
 y - 2 scrolls of teleportation
 A - a scroll of fog {unknown}
 F - a scroll of enchant weapon {unknown}
 G - 3 scrolls of enchant armour
 J - 2 scrolls of magic mapping {unknown}
Potions
 a - 2 potions of haste
 j - 4 potions of heal wounds
 m - 4 potions of curing
Books
 q - a book of Annihilations

   Spells                             Type                      Level
   a - Poison Arrow                   Conjuration/Poison           6
   b - Chain Lightning                Conjuration/Air              8
   c - Lehudib's Crystal Spear        Conjuration/Earth            8
   d - Glaciate                       Conjuration/Ice              9
   e - Fire Storm                     Conjuration/Fire             9
Comestibles
 e - 6 bread rations
 p - a slice of pizza
 u - 7 meat rations
 B - a beef jerky
 H - 2 royal jellies


   Skills:
 - Level 1.0 Fighting
 - Level 4.1 Short Blades
 + Level 5.8 Slings
 + Level 7.2 Dodging
 * Level 15.2 Stealth
 + Level 9.3 Evocations


You had 10 spell levels left.
You didn't know any spells.

Dungeon Overview and Level Annotations

Branches:
Dungeon (9/15)             Temple (1/1) D:4             Orc (0/4) D:9
   Lair: D:8-11

Altars:
Ashenzari
Cheibriados
Dithmenos
Elyvilon
Fedhas
Gozag
Kikubaaqudgha
Makhleb
Nemelex Xobeh
Okawaru
Qazlal
Ru
Sif Muna
Trog
Vehumet
Xom
Yredelemnul
Zin
The Shining One


Innate Abilities, Weirdness & Mutations

You cannot wear most types of armour.
You are amphibious.
You can wear up to eight rings at the same time.
You can use your tentacles to constrict eight enemies at once.
Your skin changes colour to match your surroundings (Stealth).
Your rubbery body absorbs attacks (AC +1).
You are partially covered in thin metallic scales (AC +2).
You expend magic power (3 MP) to strengthen your wands.


Message History

The deep elf mage gestures wildly while chanting.
The deep elf mage blinks free!
The deep elf mage points at you and mumbles some strange words.
The orb of energy hits you!
The orb of energy explodes!
Evoke which item? (* to show all) (? for menu, Esc to quit)
Zapping:
C - a wand of confusion (2)
Press: ? - help, Shift-Dir - straight line, f - deep elf mage
Aim: a deep elf mage, wielding a long sword and wearing a scale mail (heavily wounded, chance to defeat MR: 55%)
The deep elf mage resists with significant effort.
This wand has 1 charge left.
Evoke which item? (* to show all) (? for menu, Esc to quit)
Zapping:
C - a wand of confusion (1)
Press: ? - help, Shift-Dir - straight line, f/p - deep elf mage
Aim: a deep elf mage, wielding a long sword and wearing a scale mail (heavily wounded, chance to defeat MR: 55%)
The deep elf mage resists with significant effort.
This wand has 0 charges left.
The deep elf mage points at you and mumbles some strange words.
The bolt of poison hits you!
You are poisoned.
You die...

#.# #.##.# # ### #.# #.##.# ..
..# #.# #.##.# # #.#.(#.#
##'## #.##.# #.#.#.##.#
##...## #.##.# #.#.#.##.#
##.....## #..... #........#
##.......## ##.##.#
#......####..e......####...#.#
#........'..@......'.........
#.....####.........####...#.#
##.#.## ##§.÷....## ##.##.#
#.### ##)....## ####.# #.#
##.).## #.# #<# ##'## #.# #.#
#.# ###.# #.# #.# #..#. #.#
########.## ##...


You could see a deep elf mage.

Vanquished Creatures
  Erolcha (D:9)
  Joseph (D:7)
  A two-headed ogre (D:9)
  Grinder (D:4)
  5 slime creatures (D:9)
  A trapdoor spider (D:7)
  A hippogriff (D:9)
  A hill giant zombie (D:9)
  3 hungry ghosts
  A wyvern (D:9)
  2 wolves (D:8)
  A water moccasin (D:6)
  Duvessa (D:7)
  A black bear (D:9)
  An eye of draining (D:9)
  2 orc warriors
  A phantom (D:5)
  2 sky beasts
  4 ogres
  6 centaurs
  5 giant frogs
  A wyvern zombie (D:9)
  3 wyvern skeletons
  3 wights (D:9)
  Dowan (D:7)
  3 scorpions
  6 killer bees
  2 electric eels (D:6)
  4 crimson imps
  A jelly (D:6)
  A giant frog zombie (D:5)
  3 hounds
  6 worker ants
  3 iguanas
  4 orc priests
  7 orc wizards
  5 ogre zombies (D:9)
  A hound zombie (D:5)
  A hound skeleton (D:9)
  10 adders
  3 gnolls
  5 shadow imps
  2 oozes
  An adder skeleton (D:8)
  An adder zombie (D:9)
  2 worms
  3 giant geckos
  30 orcs
  3 ball pythons
  8 giant cockroaches
  9 goblins
  13 hobgoblins
  8 jackals
  2 quokkas
  4 bats
  A giant gecko skeleton (D:4)
  6 giant newts
  A goblin skeleton (D:9)
  3 goblin zombies (D:9)
  3 hobgoblin zombies (D:9)
  8 kobolds
  An orc skeleton (D:9)
  10 orc zombies (D:9)
  A quokka skeleton (D:6)
  4 rats
239 creatures vanquished.

Vanquished Creatures (collateral kills)
  Grum (D:8)
  An ice beast (D:7)
  A giant gecko (D:7)
3 creatures vanquished.

Vanquished Creatures (others)
  A wolf (D:8)
  A hungry ghost (D:9)
2 creatures vanquished.

Grand Total: 244 creatures vanquished

Notes
Turn   | Place    | Note
--------------------------------------------------------------
     0 | D:1      | M4edhros the Octopode Artificer began the quest for the Orb.
     0 | D:1      | Reached XP level 1. HP: 13/13 MP: 3/3
    80 | D:1      | Reached XP level 2. HP: 12/18 MP: 4/4
   428 | D:2      | Reached XP level 3. HP: 14/23 MP: 5/5
   647 | D:2      | Reached skill level 4 in Stealth
   803 | D:3      | Found a glowing golden altar of the Shining One.
   803 | D:3      | Found a white marble altar of Elyvilon.
   803 | D:3      | Found a glowing silver altar of Zin.
   844 | D:3      | Reached XP level 4. HP: 28/28 MP: 5/7
   862 | D:3      | You fall through a shaft!
   870 | D:4      | Reached skill level 5 in Stealth
   923 | D:4      | Reached XP level 5. HP: 25/33 MP: 8/8
  1130 | D:4      | Reached skill level 6 in Stealth
  1144 | D:5      | Entered Level 5 of the Dungeon
  1247 | D:5      | Noticed a sky beast
  1319 | D:5      | Found a stormy altar of Qazlal.
  1320 | D:5      | Found a snail-covered altar of Cheibriados.
  1380 | D:5      | Reached XP level 6. HP: 35/38 MP: 9/9
  1389 | D:5      | Reached skill level 7 in Stealth
  1425 | D:5      | Noticed an ogre
  1429 | D:5      | Reached skill level 5 in Evocations
  1505 | D:5      | Found a shadowy altar of Dithmenos.
  1551 | D:5      | Killed an ogre
  1719 | D:6      | Reached skill level 8 in Stealth
  1814 | D:6      | Reached XP level 7. HP: 43/43 MP: 11/11
  1857 | D:6      | Reached skill level 9 in Stealth
  2137 | D:7      | Noticed Joseph
  2191 | D:7      | Killed Joseph
  2191 | D:7      | Reached skill level 10 in Stealth
  2191 | D:7      | Reached XP level 8. HP: 40/48 MP: 12/12
  2318 | D:6      | Reached skill level 1 in Slings
  2615 | D:7      | Found a shimmering altar of Xom.
  2622 | D:7      | Became a worshipper of Xom of Chaos
  2666 | D:7      | XOM: harmless Erth miscast
  2673 | D:7      | Reached skill level 11 in Stealth
  2816 | D:7      | XOM: butterfly on damage
  2926 | D:7      | Reached XP level 9. HP: 36/53 MP: 14/14
  3061 | D:7      | Noticed Dowan
  3069 | D:7      | XOM: potion effect (heal wounds)
  3166 | D:7      | Found a deep blue altar of Sif Muna.
  3251 | D:7      | Noticed Duvessa
  3288 | D:7      | XOM: cast spell 'Ice Form'
  3314 | D:7      | Killed Dowan
  3543 | D:5      | Noticed a phantom
  3545 | D:5      | Killed a phantom
  3567 | D:5      | XOM: mild Erth miscast
  3813 | D:5      | XOM: summons 4 hostile demons
  3814 | D:5      | Noticed a hellwing
  3890 | D:5      | Killed a sky beast
  3890 | D:5      | Reached skill level 5 in Dodging
  3895 | D:5      | Gained mutation: You evolve. [mutagenic meat]
  3896 | D:5      | Gained mutation: You are partially covered in thin metallic scales (AC +2). [mutagenic meat]
  3898 | D:5      | Gained mutation: You tend to lose your temper in combat. [mutagenic meat]
  3899 | D:5      | Gained mutation: Your magical capacity is low (-10% MP). [mutagenic meat]
  3951 | D:4      | Noticed Grinder
  3962 | D:4      | Killed Grinder
  3962 | D:4      | Reached skill level 12 in Stealth
  3991 | D:4      | XOM: summons 4 hostile demons
  4165 | D:4      | Found a staircase to the Ecumenical Temple.
  4208 | D:4      | XOM: severe Trmt miscast
  4208 | D:4      | Gained mutation: Your magical capacity is very low (-20% MP). [the severe capriciousness of Xom]
  4251 | Temple   | Entered the Ecumenical Temple
  4355 | Temple   | Fell from the grace of Xom
  4355 | Temple   | Became a worshipper of Warmaster Okawaru
  4640 | D:4      | Gained mutation: You are robust (+10% HP). [evolution]
  4743 | D:4      | Found a sparkling altar of Nemelex Xobeh.
  6229 | D:1      | Found a shattered altar of Ashenzari.
  6834 | D:7      | Noticed a trapdoor spider
  6840 | D:7      | Killed a trapdoor spider
  6841 | D:7      | Killed Duvessa
  6927 | D:8      | Found an ancient bone altar of Kikubaaqudgha.
  7052 | D:8      | Found a radiant altar of Vehumet.
  7119 | D:8      | Reached * piety under Okawaru
  7119 | D:8      | Reached XP level 10. HP: 63/63 MP: 12/12
  7131 | D:8      | Noticed Grum
  7134 | D:8      | Reached skill level 13 in Stealth
  7150 | D:8      | Killed Grum
  7255 | D:8      | XOM: medium Pois miscast
  7662 | D:8      | XOM: summons 7 hostile demons
  7818 | D:9      | Noticed Erolcha
  7819 | D:9      | Found a staircase to the Orcish Mines.
  7839 | D:9      | Killed Erolcha
  7839 | D:9      | Reached ** piety under Okawaru
  7891 | D:9      | XOM: enchant monster (bad)
  7892 | D:9      | Reached skill level 14 in Stealth
  7952 | D:9      | Gained mutation: Your magical capacity is extremely low (-30% MP). [mutagenic meat]
  7954 | D:9      | Lost mutation: You tend to lose your temper in combat. [mutagenic meat]
  7955 | D:9      | Gained mutation: You expend magic power (3 MP) to strengthen your wands. [mutagenic meat]
  7976 | D:9      | Lost mutation: Your magical capacity is extremely low (-30% MP). [potion of cure mutation]
  7976 | D:9      | Lost mutation: Your magical capacity is very low (-20% MP). [potion of cure mutation]
  7976 | D:9      | Lost mutation: You evolve. [potion of cure mutation]
  7976 | D:9      | Lost mutation: You are robust (+10% HP). [potion of cure mutation]
  7976 | D:9      | Lost mutation: Your magical capacity is low (-10% MP). [potion of cure mutation]
  8329 | D:9      | XOM: mild Hex miscast
  8341 | D:9      | Reached skill level 5 in Slings
  8666 | D:9      | Reached *** piety under Okawaru
  8670 | D:9      | Reached XP level 11. HP: 56/63 MP: 17/17
  8682 | D:9      | Reached skill level 15 in Stealth
  9198 | D:9      | XOM: divination: detect creatures
  9292 | D:9      | Killed from afar by a deep elf mage

Action                   |  1- 3 |  4- 6 |  7- 9 | 10-12 || total
-------------------------+-------+-------+-------+-------++-------
Melee: Short sword       |    47 |    78 |   100 |   125 ||   350
       Dagger            |       |       |   114 |   165 ||   279
       Unarmed           |       |       |     8 |       ||     8
 Fire: Hunting sling     |       |       |    34 |       ||    34
Evoke: Wand              |     1 |    10 |    24 |    29 ||    64
  Use: Scroll            |       |     5 |     6 |     1 ||    12
       Potion            |       |     1 |       |     5 ||     6
 Stab: Sleeping          |     6 |     7 |    45 |    16 ||    74
       Distracted        |     1 |       |     3 |     1 ||     5
       Paralysed         |       |       |     7 |     1 ||     8
       Confused          |       |       |       |     2 ||     2
  Eat: Chunk             |       |     3 |    18 |    18 ||    39
       Meat ration       |       |       |     1 |     1 ||     2
